 Dungeon Crawl Stone Soup version 0.21-a0-193-g085b6a0 (webtiles) character file.

240 MackTheKnife the Cutter (level 6, -10/32 HPs)
             Began as a Vine Stalker Fighter on Aug 14, 2017.
             Was a Believer of Vehumet.
             Mangled by an orc warrior
             ... wielding a cursed +0 trident
              (14 damage)
             ... on level 4 of the Dungeon.
             The game lasted 00:02:03 (2432 turns).

MackTheKnife the Cutter (Vine Stalker Fighter)      Turns: 2432, Time: 00:02:03

Health: -10/32     AC:  6    Str: 20    XL:     6   Next: 8%
Magic:  0/7        EV:  7    Int:  8    God:    Vehumet [**....]
Gold:   110        SH:  9    Dex: 14    Spells: 5/5 levels left

rFire    . . .     SeeInvis .   a - +0 rapier
rCold    . . .     Gourm    .   c - +0 shield
rNeg     . . .     Faith    .   b - +0 scale mail
rPois    .         Spirit   +   (no helmet)
rElec    .         Reflect  .   (no cloak)
rCorr    .         Harm     .   (no gloves)
MR       .....                  (no boots)
Stlth    ..........             (no amulet)
HPRegen  0.50/turn              (no ring)
MPRegen  0.10/turn              (no ring)

@: no status effects
A: fangs 2, regeneration 1, magic shield, antimagic bite, no potion heal 3, rot
immunity
a: Renounce Religion


You were on level 4 of the Dungeon.
You worshipped Vehumet.
Vehumet was pleased with you.
You were very hungry.

You visited 1 branch of the dungeon, and saw 4 of its levels.

You collected 110 gold pieces.

Inventory:

Hand Weapons
 a - a +0 rapier (weapon)
Armour
 b - a +0 scale mail (worn)
 c - a +0 shield (worn)
 v - a +0 helmet
   (You found it on level 4 of the Dungeon)
Scrolls
 e - a scroll of recharging {unknown}
 g - 3 scrolls of enchant weapon {unknown}
 j - 3 scrolls of fog {unknown}
 l - 2 scrolls of immolation {unknown}
 n - a scroll of noise {unknown}
 o - a scroll of identify {unknown}
 p - a scroll of amnesia {unknown}
Potions
 d - a potion of might
 h - 2 potions of curing {unknown}
 i - a potion of lignification {unknown}
 k - a potion of ambrosia {unknown}
 r - a potion of brilliance {unknown}
 s - a potion of heal wounds {unknown}
 t - a potion of experience {unknown}
 w - a potion of flight {unknown}
Books
 u - a book of Minor Magic
   (You found it on level 4 of the Dungeon)
Comestibles
 f - 2 bread rations {@e1}
 m - a meat ration {@e2}
 q - a royal jelly


   Skills:
 - Level 2.6 Fighting
 + Level 5.6 Short Blades
 - Level 2.4 Armour
 - Level 2.6 Shields


You had 5 spell levels left.
You didn't know any spells.

Dungeon Overview and Level Annotations

Branches:
Dungeon (4/15)
 Temple: D:4-7

Altars:
Ashenzari
Kikubaaqudgha
Vehumet


Innate Abilities, Weirdness & Mutations

You have extremely sharp teeth.
Your natural rate of healing is unusually fast.
When hurt, damage is shared between your health and your magic reserves.
Your bite disrupts and absorbs the magic of your enemies.
Potions cannot restore your health.
You are immune to rotting.


Message History

No target in view!
u - a book of Minor Magic No target in view!
A scorpion comes into view.
Found a stone staircase leading up.
A scorpion is nearby!
You hit the scorpion. Your bite misses the scorpion.
The scorpion stings you but does no damage.
A scorpion is nearby!
You puncture the scorpion! You bite the scorpion. You drain its power.
The scorpion stings you.
You take 2 damage, and have 25/27 hp.
You now have 5/6 mp.
A scorpion is nearby!
You closely miss the scorpion. You bite the scorpion. You drain its power.
You feel invigorated. You block the scorpion's attack.
MP restored: 6 A scorpion is nearby!
You closely miss the scorpion. The scorpion barely misses you.
A scorpion is nearby!
You hit the scorpion but do no damage.
You bite the scorpion, but do no damage.
The scorpion barely misses you.
Health restored: 27 A scorpion is nearby!
You closely miss the scorpion. The scorpion stings you.
You take 1 damage, and have 26/27 hp.
A scorpion is nearby!
You closely miss the scorpion.
The scorpion stings you but does no damage.
Health restored: 27 A scorpion is nearby!
A scorpion is nearby!
You puncture the scorpion!
You kill the scorpion!
Vehumet accepts your kill.
No target in view!
g - 3 scrolls labeled GAATUICV KANISCH (gained 1)
You now have 95 gold pieces (gained 11).
v - a helmet No target in view!
Found a stone staircase leading down.
w - a bubbling silvery potion No target in view!
You now have 110 gold pieces (gained 15).
f - 2 bread rations {@e1} (gained 1)
An orc warrior and an orc priest come into view.
The orc priest shouts!
The orc warrior shouts!
There are monsters nearby! 2 orcs come into view.
The orc shouts! x2
The orc moves out of view.
The teleport trap disappears.
The orc disappears!
There are monsters nearby!
An orc comes into view.
The orc shouts!
The orc moves out of view.
The orc priest looks encouraged for a moment.
The orc barely misses you. The orc hits you.
There are monsters nearby!
There are monsters nearby!
You completely miss the orc warrior.
The orc warrior hits you with a trident!
You block the orc's attack.
The orc hits you from afar with a trident.
You take 15 damage, and have 12/27 hp.
MASSIVE DAMAGE!!
You now have 3/6 mp.
You block the orc warrior's attack.
You puncture the orc priest! The orc priest closely misses you.
You hit the orc priest. Your bite misses the orc priest.
The orc priest hits you with a short sword.
You take 1 damage, and have 14/27 hp.
You are feeling very hungry.
You closely miss the orc priest. You block the orc priest's attack.
You block the orc warrior's attack.
Your shield and scale mail prevent you from hitting the orc priest.
Your bite misses the orc priest.
The orc priest mumbles some strange prayers to Beogh against you.
Beogh smites you!
* * * LOW HITPOINT WARNING * * *
You block the orc warrior's attack.
You take 9 damage, and have 6/27 hp.
MASSIVE DAMAGE!!
You now have 2/6 mp.
You closely miss the orc priest.
You bite the orc priest, but do no damage.
The orc priest hits you with a short sword.
* * * LOW HITPOINT WARNING * * *
The orc warrior hits you from afar with a trident.
* * * LOW HITPOINT WARNING * * *
You take 3 damage, and have 3/27 hp.
You now have 1/6 mp.
Unknown command.
You hit the orc priest.
You kill the orc priest!
Vehumet accepts your kill.
You have reached level 6!
Your experience leads to an increase in your attributes!
Increase (S)trength, (I)ntelligence, or (D)exterity?
You feel stronger.
The orc warrior hits you from afar with a trident!
You die...

#..(#.## #....$. ##(...# #
##.o8.8 ###. #..o.# . #
.....####o###### #.# .#
#..............
....####.##########.#####.##.
................@ooo......)
##.###.###.######..########
#.##..............#
##.##...#..#######.#
........#...######.#
##.##.#####......#.#
........#...####.#.#######
..<.......................
.#....#...######.#########


You could see an orc warrior and 2 orcs.

Vanquished Creatures
  A scorpion (D:4)
  An orc priest (D:4)
  A hound skeleton (D:4)
  6 adders
  An ooze (D:1)
  3 worms
  2 dart slugs (D:1)
  5 leopard geckos (D:1)
  4 giant cockroaches
  12 goblins
  10 hobgoblins
  8 kobolds
  A ball python (D:1)
  10 bats
  3 frilled lizards
  7 rats
75 creatures vanquished.

Notes
Turn   | Place    | Note
-------+----------+-------------------------------------------
     0 | D:1      | MackTheKnife the Vine Stalker Fighter began the quest for the Orb.
     0 | D:1      | Reached XP level 1. HP: 11/11 MP: 2/2
    27 | D:1      | Reached skill level 2 in Short Blades
    74 | D:1      | Reached XP level 2. HP: 13/16 MP: 3/3
   359 | D:1      | Reached skill level 3 in Short Blades
   361 | D:1      | Reached XP level 3. HP: 14/19 MP: 4/4
   862 | D:2      | Gained mutation: Your natural rate of healing is unusually fast. [Vine Stalker growth]
   862 | D:2      | Reached XP level 4. HP: 15/23 MP: 5/5
   969 | D:2      | Found a shattered altar of Ashenzari.
  1006 | D:2      | Reached skill level 4 in Short Blades
  1201 | D:2      | Found an ancient bone altar of Kikubaaqudgha.
  1361 | D:2      | Found a faded altar of an unknown god.
  1393 | D:2      | Became a worshipper of Vehumet
  1393 | D:2      | Reached * piety under Vehumet
  1393 | D:2      | Offered knowledge of Magic Dart by Vehumet.
  1568 | D:3      | Reached XP level 5. HP: 22/27 MP: 4/6
  1826 | D:3      | Offered knowledge of Freeze by Vehumet.
  2066 | D:3      | Reached ** piety under Vehumet
  2291 | D:4      | Reached skill level 5 in Short Blades
  2417 | D:4      | Noticed an orc warrior
  2430 | D:4      | HP: 6/27 [orc priest/divine providence (10)]
  2432 | D:4      | Reached XP level 6. HP: 4/32 MP: 1/7
  2432 | D:4      | Mangled by an orc warrior

Vault maps used:
D:1:      dpeg_arrival_renting
D:2:      kiku_gazebo_pond_becter, evilmike_ruin_ashenzari,
          chequers_ecumenical_altar_grove
D:4:      minmay_temple_entry_large_hall, first_bread, serial_shops,
          kennysheep_mini, guppyfry_early_orc_mine, uniq_grinder, uniq_menkaure,
          uniq_eustachio, uniq_pikel

Skill      XL: |  1  2  3  4  5 |
---------------+----------------+-----
Short Blades   | 2 3 4 5 |  5.6
Fighting       | |  2.6
Armour         | |  2.4
Shields        | |  2.6

Action                   |  1- 3 |  4- 6 || total
-------------------------+-------+-------++-------
Melee: Rapier            |    71 |   132 ||   203
       Bite              |    12 |    42 ||    54
  Eat: Chunk             |       |     4 ||     4
Armor: Scale mail        |    37 |    36 ||    73
Dodge: Dodged            |    20 |    35 ||    55
Block: Shield            |    36 |    58 ||    94

Vault maps used:
D:1:      dpeg_arrival_renting
D:2:      kiku_gazebo_pond_becter, evilmike_ruin_ashenzari,
          chequers_ecumenical_altar_grove
D:4:      minmay_temple_entry_large_hall, first_bread, serial_shops,
          kennysheep_mini, guppyfry_early_orc_mine, uniq_grinder, uniq_menkaure,
          uniq_eustachio, uniq_pikel

Table legend:
 A = Turns spent in this place as a percentage of turns spent in the entire game.
 B = Non-inter-level travel turns spent in this place as a percentage of non-inter-level travel turns spent in the entire game.
 C = Inter-level travel turns spent in this place as a percentage of turns spent in this place.
 D = Turns resting spent in this place as a percentage of non-inter-level travel turns spent in this place.
 E = Turns spent auto-exploring this place as a percentage of non-inter-level travel turns spent in this place.
 F = Non-inter-level travel turns spent in this place divided by the number of levels of this place that you've seen.
                   A       B       C       D       E      F
               +-------+-------+-------+-------+-------+----------------------
         Total | 100.0 | 100.0 |   0.4 |   0.5 |  14.3 | 203.5
       Dungeon | 100.0 | 100.0 |   0.4 |   0.5 |  14.3 | 203.5
               +-------+-------+-------+-------+-------+----------------------

Table legend:
 A = Kills in this place as a percentage of kills in entire the game.
 B = Kills by you in this place as a percentage of kills by you in the entire game.
 C = Kills by friends in this place as a percentage of kills by friends in the entire game.
 D = Other kills in this place as a percentage of other kills in the entire game.
 E = Experience gained in this place as a percentage of experience gained in the entire game.
 F = Experience gained in this place divided by the number of levels of this place that you have seen.
                   A       B       C       D       E      F
               +-------+-------+-------+-------+-------+----------------------
         Total | 100.0 | 100.0 |  -nan |  -nan | 100.0 |  86.0
       Dungeon | 100.0 | 100.0 |  -nan |  -nan | 100.0 |  86.0
               +-------+-------+-------+-------+-------+----------------------
